[ AOE2 MATCH · #459664622 ]
UnrankedItalians vs Cumans
[ REPLAY ANALYSIS · EXTRACTED FROM THE RECORDED GAME ]
Feudal
—
Castle
—
Imperial
—
| APM avg | 60.2 |
| APM peak | 67 |
| eAPM avg | 29.0 |
| Villagers / military | 10 / 0 |
Focus
⚔️ 42.4% · 🌾 57.6%
Feudal
—
Castle
—
Imperial
—
| APM avg | 48.9 |
| APM peak | 58 |
| eAPM avg | 29.0 |
| Villagers / military | 7 / 0 |
Focus
⚔️ 20.0% · 🌾 80.0%
Feudal
—
Castle
—
Imperial
—
| APM avg | 68.7 |
| APM peak | 73 |
| eAPM avg | 33.3 |
| Villagers / military | 5 / 0 |
Focus
⚔️ 34.2% · 🌾 65.8%
Feudal
—
Castle
—
Imperial
—
| APM avg | 63.0 |
| APM peak | 63 |
| eAPM avg | 19.8 |
| Villagers / military | 5 / 0 |
Focus
⚔️ 13.6% · 🌾 86.4%
Feudal
—
Castle
—
Imperial
—
| APM avg | 31.9 |
| APM peak | 38 |
| eAPM avg | 22.0 |
| Villagers / military | 7 / 0 |
Focus
⚔️ 18.2% · 🌾 81.8%
Feudal
—
Castle
—
Imperial
—
| APM avg | 48.9 |
| APM peak | 60 |
| eAPM avg | 27.6 |
| Villagers / military | 5 / 0 |
Focus
⚔️ 7.7% · 🌾 92.3%
Feudal
—
Castle
—
Imperial
—
| APM avg | 33.3 |
| APM peak | 42 |
| eAPM avg | 15.6 |
| Villagers / military | 6 / 0 |
Focus
⚔️ 20.0% · 🌾 80.0%
Feudal
—
Castle
—
Imperial
—
| APM avg | 75.8 |
| APM peak | 72 |
| eAPM avg | 53.1 |
| Villagers / military | 13 / 0 |
Focus
⚔️ 17.0% · 🌾 83.0%
Match map
Initial resources + every placement click. Lines = walls · curves = elevation contours. ◆ gold · ⬟ stone · ● berries · ✦ relic · ◌ wall gap
Your base
超真实扮家家酒's base
kazusa's base
Ryuutaku's base
Mineer_Valus's base
少女徐必成's base
FFFExcutor's base
飞吧,朝向春天's base
Smoothed initial terrain · ◌ = detected wall gap · hover for details
Inputs per minute
— 爆虫 - - 超真实扮家家酒
Build order — 爆虫
11 actions detected in the replay
| 0:22 | Build | Lumber Camp |
| 0:23 | Create | Villager (Male) |
| 0:23 | Create | Villager (Male) |
| 0:43 | Create | Villager (Male) |
| 0:43 | Create | Villager (Male) |
| 0:43 | Create | Villager (Male) |
| 0:43 | Create | Villager (Male) |
| 0:43 | Create | Villager (Male) |
| 0:44 | Create | Villager (Male) |
| 0:44 | Create | Villager (Male) |
| 1:02 | Create | Villager (Male) |
Build order — 超真实扮家家酒
8 actions detected in the replay
| 0:02 | Create | Villager (Male) |
| 0:02 | Create | Villager (Male) |
| 0:02 | Create | Villager (Male) |
| 0:06 | Build | Mill |
| 0:30 | Create | Villager (Male) |
| 0:30 | Create | Villager (Male) |
| 0:49 | Create | Villager (Male) |
| 1:02 | Create | Villager (Male) |
Build order — kazusa
8 actions detected in the replay
| 0:02 | Create | Villager (Male) |
| 0:02 | Create | Villager (Male) |
| 0:12 | Create | Villager (Male) |
| 0:27 | Build | Mill |
| 0:27 | Create | Villager (Male) |
| 0:34 | Build | Lumber Camp |
| 0:50 | Build | Farm |
| 1:13 | Create | Villager (Male) |
Build order — Ryuutaku
6 actions detected in the replay
| 0:02 | Create | Villager (Male) |
| 0:07 | Build | Mill |
| 0:16 | Create | Villager (Male) |
| 0:26 | Create | Villager (Male) |
| 1:04 | Create | Villager (Male) |
| 1:04 | Create | Villager (Male) |
Build order — Mineer_Valus
5 actions detected in the replay
| 0:01 | Create | Villager (Male) ×5 |
| 0:07 | Build | Settlement |
| 0:42 | Create | Villager (Male) |
| 0:42 | Create | Villager (Male) |
| 0:44 | Build | Settlement |
Build order — 少女徐必成
7 actions detected in the replay
| 0:00 | Create | Villager (Male) |
| 0:01 | Create | Villager (Male) |
| 0:01 | Create | Villager (Male) |
| 0:03 | Build | Lumber Camp |
| 0:46 | Create | Villager (Male) |
| 0:46 | Create | Villager (Male) |
| 0:58 | Build | Mill |
Build order — FFFExcutor
8 actions detected in the replay
| 0:02 | Create | Villager (Male) |
| 0:02 | Create | Villager (Male) |
| 0:02 | Create | Villager (Male) |
| 0:02 | Create | Villager (Male) |
| 0:07 | Build | Mill |
| 0:11 | Build | Lumber Camp |
| 0:27 | Create | Villager (Male) |
| 0:27 | Create | Villager (Male) |
Build order — 飞吧,朝向春天
15 actions detected in the replay
| 0:06 | Build | Mill |
| 0:23 | Create | Villager (Male) |
| 0:23 | Create | Villager (Male) |
| 0:23 | Create | Villager (Male) |
| 0:23 | Create | Villager (Male) |
| 0:24 | Create | Villager (Male) |
| 0:24 | Create | Villager (Male) |
| 0:24 | Create | Villager (Male) |
| 0:24 | Create | Villager (Male) |
| 0:25 | Create | Villager (Male) |
| 0:25 | Create | Villager (Male) |
| 0:50 | Build | Lumber Camp |
| 1:18 | Create | Villager (Male) |
| 1:18 | Create | Villager (Male) |
| 1:19 | Create | Villager (Male) |
Match timeline
| 1:20 | Ryuutaku · resign |
[ AI ANALYSIS · 1 CREDIT ]
What really happened in this match?
Wolo.gg analyzes every decision: build order, eco, micro, common mistakes by bracket. Personalized analysis on WhatsApp or Discord in 30 seconds.
Civ guide
Italians
Perfil
Jugador #16424810